 Dungeon Crawl Stone Soup version 0.31-a0-826-ga5cc291a1b (webtiles) character file.

Game seed: 7712279223124435568

79 qw the Shooter (level 4, -8/27 HPs)
             Began as a Gargoyle Hunter on Sept 23, 2023.
             Killed from afar by Ijyb (14 damage)
             ... with a bolt of acid
             ... on level 5 of the Dungeon.
             The game lasted 00:00:45 (1934 turns).

qw the Shooter (Gargoyle Hunter)                    Turns: 1934, Time: 00:00:45

Health: -8/27      AC:  3    Str: 15    XL:     4   Next: 38%
Magic:  4/4        EV: 11    Int:  9    God:
Gold:   108        SH:  0    Dex: 15    Spells: 3/3 levels left

rFire   . . .        Y - +0 shortbow
rCold   . . .        (shield currently unavailable)
rNeg    + . .        h - +0 ring mail
rPois   inf          d - +0 helmet
rElec   +            f - +0 cloak
rCorr   .            (no gloves)
SInv    .            (no boots)
Will    .....        (no amulet)
Stlth   +            (no ring)
HPRegen 0.24/turn    (no ring)
MPRegen 0.09/turn

%: no passive effects
@: corroded
A: sickness immunity, AC +3, negative energy resistance 1, electricity
resistance, torment resistance 1, petrification resistance
a: no special abilities


You were on level 5 of the Dungeon.
You visited 1 branch of the dungeon, and saw 4 of its levels.

You collected 108 gold pieces.


Innate Abilities, Weirdness & Mutations

You are immune to sickness and miasma.
Your stone body is resilient. (AC +3)
You are immune to poison.
You resist negative energy. (rN+)
You are resistant to electric shocks. (rElec)
You are resistant to unholy torment.
You are immune to petrification.


   Skills:
 + Level 2.7 Fighting
 - Level 5.0 Ranged Weapons
 - Level 2.2 Armour
 - Level 1.5 Dodging
 - Level 1.1 Stealth


You had 3 spell levels left.
You didn't know any spells.
Your spell library was empty.

Inventory:

Hand Weapons
 Y - a +0 shortbow (weapon)
Armour
 d - a +0 helmet (worn)
 f - a +0 cloak (worn)
 h - a +0 ring mail (worn)
Jewellery
 k - a ring of protection from cold
Scrolls
 b - a scroll of identify
 c - a scroll of revelation {unknown}
 m - a scroll of enchant weapon {unknown}
Potions
 a - a potion of lignification {unknown}
 e - a potion of cancellation
 g - a potion of brilliance {unknown}
 i - a potion of mutation {unknown}
 j - 2 potions of degeneration {unknown}
 l - a potion of attraction {unknown}

Dungeon Overview and Level Annotations

Branches:
Dungeon (3/15)

Altars:
Hepliaklqana
Kikubaaqudgha
Yredelemnul

Shops:
D:1 [

Annotations:
D:2 1 runed translucent door, Crazy Yiuf
D:5 Eustachio, Ijyb


Message History

You shoot an arrow. The arrow hits Eustachio.
Eustachio is moderately wounded.
Eustachio hits you but does no damage.
Ijyb hits something with a +0 dagger.
Eustachio mumbles some strange words.
Eustachio blinks!
You shoot an arrow. The arrow hits Ijyb.
Ijyb is lightly wounded.
Ijyb hits you but does no damage.
You shoot an arrow. The arrow barely misses Ijyb.
Eustachio casts a spell.
Ijyb zaps a wand.
The bolt of acid hits you. The acid corrodes you!
You shoot an arrow. The arrow closely misses Ijyb.
Ijyb hits you with a +0 dagger.
You shoot an arrow. The arrow hits Ijyb but does no damage.
Ijyb is lightly wounded.
Ijyb barely misses you.
Eustachio gestures wildly while chanting.
Ijyb hits you but does no damage.
You shoot an arrow. The arrow barely misses Ijyb.
Ijyb zaps a wand.
The bolt of acid hits you. The acid corrodes you!
You shoot an arrow. The arrow hits Ijyb.
Ijyb is moderately wounded.
Ijyb zaps a wand.
The bolt of acid hits you. The acid corrodes you!
You shoot an arrow. The arrow hits Ijyb but does no damage.
Ijyb is moderately wounded.
Eustachio brags, "I can call spirits from the vasty deep."
Ijyb hits you but does no damage.
Eustachio gestures wildly while chanting.
Eustachio blinks!
You shoot an arrow. The arrow hits Ijyb but does no damage.
Ijyb is moderately wounded.
Ijyb hits you with a +0 dagger. The rat bites you. Ijyb barely misses you.
The rat barely misses you.
You shoot an arrow. The arrow closely misses Ijyb.
Ijyb hits you with a +0 dagger. The rat barely misses you.
You shoot an arrow. The arrow hits Ijyb but does no damage.
Ijyb is moderately wounded.
Ijyb zaps a wand.
The bolt of acid hits you!
Ouch! That really hurt!
You die...

#.#### #######.### #####
##...####.........#
####....
###.......#####..###.......
##...#### ##.........##
#..## ##......####
#...##### ##...####..
###PPP##..# #..###....
#...PPP#r## ##.#......
#....P5.#@# #.#......
##...¤P¤.g## #........
#.P..P@...¤### #........
#.#......5...## #........
.#........#...## #........
.........¤.....# #.....%..
.......P#..#...## #........
......PP####....# ##.......
....##### ##...###........


You could see Eustachio, Ijyb, a white imp (summoned) and a rat (summoned).

Vanquished Creatures
  A hound (D:5)
  4 endoplasms
  A giant cockroach (D:1)
  5 goblins
  A hobgoblin (D:2)
  6 jackals (D:1)
  5 kobolds
  2 quokkas
  8 ball pythons
  5 bats
  5 frilled lizards
  A rat (D:2)
44 creatures vanquished.

Notes
Turn   | Place    | Note
-------+----------+-------------------------------------------
     0 | D:1      | qw the Gargoyle Hunter began the quest for the Orb.
     0 | D:1      | Reached XP level 1. HP: 12/12 MP: 1/1
     0 | D:1      | 0 ||| qw: Version: 0.3-a-83-gcd0e7d8
     0 | D:1      | 0 ||| qw: Game counter: 1878
     0 | D:1      | 0 ||| qw: Melee chars always use a shield: true
     0 | D:1      | 0 ||| qw: God list: Okawaru
     0 | D:1      | 0 ||| qw: Allow faded altars: false
     0 | D:1      | 0 ||| qw: Do Orc after clearing Dungeon:15 true
     0 | D:1      | 0 ||| qw: Do second Lair branch before Depths: true
     0 | D:1      | 0 ||| qw: Lair rune preference: random
     0 | D:1      | 0 ||| qw: Goals: Normal
     0 | D:1      | 0 ||| PLANNING D:1-11
    61 | D:1      | 61 ||| RETREEAATING.
    62 | D:1      | 62 ||| STILL RETREEAATING.
    63 | D:1      | 63 ||| STILL RETREEAATING.
    82 | D:1      | Reached XP level 2. HP: 17/17 MP: 2/2
   232 | D:1      | Found Gorurej's Antique Armour Shoppe.
   243 | D:1      | 243 ||| SHOPLISTING pair of boots (103 gold, have 31).
   243 | D:1      | 243 ||| SHOPLISTING ring mail (92 gold, have 31).
   651 | D:1      | Reached XP level 3. HP: 21/21 MP: 3/3
   652 | D:1      | 652 ||| UPGRADING to +0 helmet.
   657 | D:1      | 657 ||| DROPPING ring of wizardry.
   658 | D:1      | 658 ||| READING scroll labelled KOW HUONEIWK.
   659 | D:1      | 659 ||| READING scroll labelled HIAPNU OM QOK.
   660 | D:1      | 660 ||| READING scroll labelled LABBOIC LIOMIH.
   661 | D:1      | 661 ||| DROPPING scroll of butterflies.
   706 | D:2      | Reached skill level 5 in Ranged Weapons
   892 | D:2      | Found a basalt altar of Yredelemnul.
  1237 | D:2      | Found a runed translucent door.
  1238 | D:2      | Noticed Crazy Yiuf
  1443 | D:2      | 1443 ||| UPGRADING to +0 cloak.
  1448 | D:2      | 1448 ||| UPGRADING to +0 ring mail.
  1458 | D:2      | 1458 ||| DROPPING +0 leather armour.
  1459 | D:2      | 1459 ||| READING scroll labelled BUPNO POYHIY.
  1460 | D:2      | 1460 ||| READING scroll labelled AWOUWU IMNEEMM.
  1461 | D:2      | 1461 ||| READING 2 scrolls of identify.
  1461 | D:2      | 1461 ||| IDENTIFYING glowing pink potion
  1696 | D:3      | Found an ancient bone altar of Kikubaaqudgha.
  1748 | D:3      | You fall into a shaft and drop 2 floors!
  1748 | D:5      | Entered Level 5 of the Dungeon
  1789 | D:5      | 1789 ||| PLANNING OSSUARY
  1798 | D:5      | Reached XP level 4. HP: 27/27 MP: 4/4
  1848 | D:5      | Found a hazy altar of Hepliaklqana.
  1908 | D:5      | Noticed Ijyb
  1911 | D:5      | Noticed Eustachio
  1912 | D:5      | 1912 ||| RETREEAATING.
  1913 | D:5      | 1913 ||| STILL RETREEAATING.
  1914 | D:5      | 1914 ||| STILL RETREEAATING.
  1916 | D:5      | 1916 ||| RETREEAATING.
  1932 | D:5      | HP: 6/27 [rat[Eustachio] (1)]
  1934 | D:5      | Killed from afar by Ijyb

Levels and vault maps discovered:
D:1:      minmay_arrival_statue_studded, layout_basic, serial_shops, shop
D:2:      layout_loops_ring, basic_altar, guppyfry_early_lair_pool,
          uniq_crazy_yiuf_cottage
D:3:      minmay_door_path, layout_loops_ring, mainiacjoe_overflow_24_doors,
          shapermc_ecumenical_altar_petra, feat_on_display, uniq_jessica
D:5:      layout_cave_pods, zin_purify, nicolae_hepliaklqana_hazy_memory,
          pf_just_have_faith, nicolae_ossuary_entry_monument,
          minmay_misc_feat_more_columns, uniq_ijyb, uniq_eustachio,
          uniq_menkaure

Skill      XL: |  1  2  3 |
---------------+----------+-----
Ranged Weapons | 5 |  5.0
Armour         | 2 |  2.2
Fighting       | |  2.7
Dodging        | |  1.5
Stealth        | |  1.1

Action                     |  1- 3 |  4- 6 || total
---------------------------+-------+-------++-------
   Fire: Shortbow          |   143 |    17 ||   160
    Use: Scroll            |     6 |       ||     6
 Armour: Leather armour    |    37 |       ||    37
         Ring mail         |     5 |    14 ||    19
  Dodge: Dodged            |    63 |     6 ||    69

Table legend:
 A = Non-vault XP
 B = Vault XP
 C = Vault XP percentage of total XP
 D = Non-vault monster count
 E = Vault monster count
 F = Vault count percentage of total count
                 A         B        C        D         E       F
            +---------+---------+-------+---------+---------+-------
      Total |     113 |       1 |   0.9 |      43 |       1 |   2.3
            +---------+---------+-------+---------+---------+-------
        D:1 |      35 |       0 |   0.0 |      21 |       0 |   0.0
        D:2 |      24 |       0 |   0.0 |      16 |       0 |   0.0
        D:3 |       9 |       1 |  10.0 |       5 |       1 |  16.7
        D:5 |      45 |       0 |   0.0 |       1 |       0 |   0.0
            +---------+---------+-------+---------+---------+-------
